 Dungeon Crawl Stone Soup version 0.29.1-15-g9cfb28693d (webtiles) character file.

Game seed: 13983601014943484998

4 croobank the Magician (level 1, -1/15 HPs)
             Began as a Djinni Fire Elementalist on Apr 13, 2023.
             Slain by a jackal (2 damage)
             ... on level 1 of the Dungeon.
             The game lasted 00:00:33 (97 turns).

croobank the Magician (Djinni Fire Elementalist)      Turns: 97, Time: 00:00:33

Health: -1/15      AC:  2    Str:  7    XL:     1   Next: 66%
Gold:   0          EV: 12    Int: 16    God:
                   SH:  0    Dex: 13

rFire   + + .      SeeInvis .   (no weapon)
rCold   x . .      Faith    .   (no shield)
rNeg    . . .      Spirit   .   a - +0 robe
rPois   ∞          Reflect  .   (no helmet)
rElec   .          Harm     .   (no cloak)
rCorr   .          Rampage  .   (no gloves)
Will    .....                   (boots unavailable)
Stlth   ++........              (no amulet)
HPRegen 0.05/turn               (no ring)
MPRegen 0.00/turn               (no ring)

@: flying, very slightly contaminated
A: sickness immunity, fire resistance 2, cold vulnerability 1, float, innate
caster, HP casting, extra vitality 1
a: no special abilities


You were on level 1 of the Dungeon.
You visited 1 branch of the dungeon, and saw 1 of its levels.

Inventory:

Armour
 a - a +0 robe (worn)


   Skills:
 + Level 2.3 Dodging
 + Level 1.7 Stealth
 + Level 2.4 Spellcasting


You couldn't memorise any spells.
You knew the following spells:

 Your Spells              Type           Power      Damage    Failure   Level
a - Foxfire               Conj/Fire      36%        2x1d5     7%          1
b - Scorch                Fire           18%        2d5       11%         2
c - Conjure Flame         Conj/Fire      9%         6-21      22%         3
d - Inner Flame           Hex/Fire       9%         N/A       22%         3
e - Flame Wave            Conj/Fire      9%         2d6       56%         4
Your spell library was empty.

Dungeon Overview and Level Annotations

Branches:
Dungeon (1/15)

Altars:


Innate Abilities, Weirdness & Mutations

You are immune to sickness and miasma.
You are immune to poison.
Your flesh is very heat resistant. (rF++)
You are vulnerable to cold. (rC-)
You float through the air rather than walking.
You learn spells naturally, not from books.
Your magical power is your life essence.
You have superior vitality. (+4 MHP)


Message History

The jackal is moderately wounded.
The foxfire hits the jackal.
The jackal is heavily wounded.
The foxfire hits the hobgoblin.
The hobgoblin is heavily wounded.
The hobgoblin barely misses you. The hobgoblin attacks as you move away!
The hobgoblin barely misses you. The jackal bites you.
Casting: Foxfire (safe; 7% risk of failure)
Confirm with . or Enter, or press ? or * to list all spells.
You conjure some foxfire!
A quokka comes into view.
The jackal closely misses you. The jackal bites you.
The hobgoblin barely misses you. The jackal barely misses you. x2
Your foxfire dissipates!
The foxfire hits the jackal.
You kill the jackal!
The jackal closely misses you. The hobgoblin attacks as you move away!
The hobgoblin barely misses you. The jackal barely misses you.
The jackal attacks as you move away! The jackal completely misses you.
The jackal bites you. The hobgoblin hits you.
* * * LOW HITPOINT WARNING * * *
You aren't carrying any potions.
There is an open door here.
The jackal closely misses you.
Casting: Foxfire (safe; 7% risk of failure)
Confirm with . or Enter, or press ? or * to list all spells.
You miscast Foxfire.
You are very lightly contaminated with residual magic.
Nothing appears to happen.
* * * LOW HITPOINT WARNING * * *
The jackal closely misses you.
Casting: Foxfire (safe; 7% risk of failure)
Confirm with . or Enter, or press ? or * to list all spells.
You don't have enough health to cast this spell.
You hit the jackal.
The jackal is lightly wounded.
The jackal bites you.
You die...

#....§#.#
#.....#.#
.....#.#
#.r#.##
#...†.##
##....r#
#####g#
######h######
#.....@..[..#
#...........#
#...........#
#...........#
#...........#
#.....<.....#
#...........#
#...........#
#...........#


You could see a quokka, a jackal and a hobgoblin.

Vanquished Creatures
  3 jackals (D:1)
3 creatures vanquished.

Vanquished Creatures (others)
  12 foxfires (D:1)
12 creatures vanquished.

Grand Total: 15 creatures vanquished

Notes
Turn   | Place    | Note
-------+----------+-------------------------------------------
     0 | D:1      | croobank the Djinni Fire Elementalist began the quest for
                  | the Orb.
     0 | D:1      | croobank set off with the following spells memorised:
                  | Foxfire, Scorch, Conjure Flame, Inner Flame, Flame Wave.
     0 | D:1      | Reached XP level 1. HP: 15/15 MP: 0/0
    97 | D:1      | Slain by a jackal

Illustrated notes

Levels and vault maps discovered:
D:1:      psy_arrival_statuary, layout_basic

Action                   || total
-------------------------++-------
Melee: Unarmed           ||     1
 Cast: Foxfire           ||     7
Armor: Robe              ||     1
Dodge: Dodged            ||    12
